 Dungeon Crawl Stone Soup version 0.30-a0-883-g5ad918d77d (webtiles) character file.

Game seed: 7766162511311160984

19 jasper the Insei (level 2, 0/22 HPs)
             Began as a Demonspawn Gladiator on Mar 15, 2023.
             Slain by a crimson imp (2 damage)
             ... summoned by Natasha
             ... on level 2 of the Dungeon.
             The game lasted 00:02:10 (1184 turns).

jasper the Insei (Demonspawn Gladiator)             Turns: 1184, Time: 00:02:11

Health: 0/22       AC:  8    Str: 14    XL:     2   Next: 55%
Magic:  2/2        EV: 10    Int:  9    God:
Gold:   66         SH:  0    Dex: 14    Spells: 1/1 levels left

rFire   + . .      SeeInvis .      - Unarmed
rCold   . . .      Faith    .    (no shield)
rNeg    . . .      Spirit   .    h - +0 scale mail
rPois   .          Reflect  .    b - +0 helmet
rElec   .          Rampage  .    (no cloak)
rCorr   .                        (no gloves)
Will    +....                    e - +0 pair of boots Stlth
                                 (no amulet)
HPRegen 0.23/turn                m - ring of willpower
MPRegen 0.08/turn                l - ring of protection from fire

@: mighty, invisible
A: powered by death 1
a: no special abilities


You were on level 2 of the Dungeon.
You visited 1 branch of the dungeon, and saw 2 of its levels.

You collected 66 gold pieces.

Inventory:

Missiles
 f - 4 atropa-tipped darts
 j - 15 stones (quivered)
Armour
 a - a +0 leather armour
 b - a +0 helmet (worn)
 e - a +0 pair of boots (worn)
 h - a +0 scale mail (worn)
Jewellery
 l - a ring of protection from fire (right hand)
 m - a ring of willpower (left hand)
Scrolls
 i - a scroll of magic mapping {unknown}
 k - 2 scrolls of identify {unknown}
 n - a scroll of blinking {unknown}
 p - 2 scrolls of enchant weapon {unknown}
 q - a scroll of acquirement {unknown}
Potions
 o - a potion of might


   Skills:
 + Level 2.2 Fighting
 - Level 1.7 Throwing
 + Level 0.6 Armour
 + Level 2.9 Dodging
 * Level 3.1 Unarmed Combat


You had one spell level left.
You didn't know any spells.
Your spell library contained the following spells:

 Spells                   Type           Power      Damage    Failure   Level
 Olgreb's Toxic Radiance  Pois           0%         N/A       100%        4
 Ozocubu's Refrigeration  Ice            0%         4d7       100%        7
 Ignition                 Fire           0%         3d3       100%        8


Dungeon Overview and Level Annotations

Branches:
Dungeon (2/15)

Altars:

Annotations:
D:2 Natasha, Robin


Innate Abilities, Weirdness & Mutations

You regenerate a little health from kills.


Message History

The throwing net closely misses Natasha.
Natasha stares at you and mumbles some strange words.
The magic dart hits you. The crimson imp closely misses you.
The shadow imp hits you but does no damage.
You take 2 damage, and have 19/22 hp.
You hit Natasha.
Natasha is moderately wounded.
Natasha completely misses you.
The crimson imp grinds its teeth.
The crimson imp hits you but does no damage.
The shadow imp closely misses you.
You hit Natasha but do no damage.
Natasha is moderately wounded.
Natasha claws you. The crimson imp closely misses you.
The shadow imp barely misses you.
You take 4 damage, and have 15/22 hp.
You closely miss Natasha.
Natasha is moderately wounded.
Natasha claws you! The crimson imp barely misses you. The shadow imp hits you.
* * * LOW HITPOINT WARNING * * *
You take 11 damage, and have 4/22 hp.
MASSIVE DAMAGE!!
You completely miss Natasha.
Natasha is moderately wounded.
Natasha claws you.
* * * LOW HITPOINT WARNING * * *
The crimson imp barely misses you.
The shadow imp hits you but does no damage.
You take 3 damage, and have 1/22 hp.
It was a potion of might.
You feel very mighty all of a sudden. Natasha casts a spell at you.
You resist with almost no effort.
The crimson imp hits you but does no damage.
The shadow imp misses you.
It was a potion of invisibility.
You fade into invisibility!
Natasha howls an incantation.
Natasha's front paws start to glow.
Natasha barely misses you. The crimson imp hits you.
You die...

### ### (. #..
..# ... #.# #.#
.... #.# #.#
....#####.# #.#
..........####.#
..............>#
#.....h5..####.#
#......@..#....#
#.......5.##.#.#
#########....#.#
#########
######.#
#.......# #.#
#.......######
#.#
#............#
#.#
#............#
#.#
#............#
#.#


You could see Natasha, a crimson imp (summoned, unable to see you) and a shadow
imp (summoned, unable to see you).

Vanquished Creatures
  A worm (D:2)
  A dart slug (D:1)
  A bat (D:1)
  An endoplasm (D:1)
  A giant cockroach (D:1)
  A goblin (D:1)
  A hobgoblin (D:1)
  3 ball pythons
  A frilled lizard (D:1)
  4 rats (D:1)
15 creatures vanquished.

Notes
Turn   | Place    | Note
-------+----------+-------------------------------------------
     0 | D:1      | jasper the Demonspawn Gladiator began the quest for the
                  | Orb.
     0 | D:1      | Reached XP level 1. HP: 16/16 MP: 1/1
   391 | D:1      | Found a faded altar of an unknown god.
   454 | D:1      | Gained mutation: You regenerate a little health from kills.
                  | [demonic ancestry]
   454 | D:1      | Reached XP level 2. HP: 22/22 MP: 2/2
   522 | D:1      | Reached skill level 3 in Unarmed Combat
   877 | D:2      | Noticed Robin
  1166 | D:2      | Noticed Natasha
  1170 | D:2      | Noticed a crimson imp
  1182 | D:2      | HP: 1/22 [Natasha (3)]
  1184 | D:2      | Slain by a crimson imp

Illustrated notes

Levels and vault maps discovered:
D:1:      dpeg_arrival_arbitrary_c, layout_loops_corners,
          basic_ecumenical_altar, minmay_pentomino_z2
D:2:      layout_basic, uniq_terence, uniq_robin, uniq_natasha

Skill      XL: |  1  2 |
---------------+-------+-----
Unarmed Combat | 3 |  3.1
Fighting       | |  2.2
Throwing       | |  1.7
Armour         | |  0.6
Dodging        | |  2.9

Action                     || total
---------------------------++-------
  Melee: Unarmed           ||    70
  Throw: Stone             ||     5
         Throwing net      ||     3
         Javelin           ||     1
    Use: Potion            ||     2
 Armour: Scale mail        ||    26
         Leather armour    ||     1
  Dodge: Dodged            ||    40

Table legend: (Time is in decaauts)
 A = Elapsed time spent in this place.
 B = Non-inter-level travel time spent in this place.
 C = Inter-level travel time spent in this place.
 D = Time resting spent in this place.
 E = Time spent auto-exploring this place.
 F = Levels seen in this place.
 G = Mean time per level.
                   A        B        C        D        E       F      G
               +--------+--------+--------+--------+--------+-----+--------+
         Total |   1179 |   1094 |     85 |     29 |    841 |   2 |  589.5 |
       Dungeon |   1179 |   1094 |     85 |     29 |    841 |   2 |  589.5 |
               +--------+--------+--------+--------+--------+-----+--------+

Top non-repeatable levels by time:
     D:1: 962 daAuts
     D:2: 216 daAuts
